 Dungeon Crawl Stone Soup version 0.14-a0-2730-g72a2965 (webtiles) character file.

593 SomethingShithole the Covered (level 6, -14/53 HPs)
             Began as a Minotaur Fighter on Feb 21, 2014.
             Was a Follower of Makhleb.
             Demolished by an ogre
             ... wielding a cursed -1,-1 giant club
              (15 damage)
             ... on Level 4 of the Dungeon.
             The game lasted 00:21:27 (4852 turns).

SomethingShithole the Covered (Minotaur Fighter)    Turns: 4852, Time: 00:21:27

HP -14/53        AC  7     Str 23      XL: 6   Next: 49%
MP   3/3         EV  7     Int  5      God: Makhleb [*.....]
Gold 206         SH 20     Dex  9      Spells:  0 memorised,  5 levels left

rFire  . . .     SeeInvis .     a - +2,+0 falchion
rCold  . . .     Clarity  .     b - +0 scale mail (curse)
rNeg   . . .     Conserve .     c - +0 shield
rPois  .         rCorr    .     (helmet restricted)
rElec  .         rRot     .     (no cloak)
SustAb . .       Spirit   .     (no gloves)
rMut   .         Warding  .     (no boots)
Saprov . . .     Stasis   .     (no amulet)
MR     .....                    (no ring)
                                (no ring)

@: not resistant to hostile enchantments, extremely unstealthy
A: retaliatory headbutt, horns 2
a: Renounce Religion


You were on level 4 of the Dungeon.
You worshipped Makhleb.
Makhleb was aware of your devotion.
You were not hungry.

You visited 2 branches of the dungeon, and saw 5 of its levels.

You collected 206 gold pieces.

Inventory:

Hand weapons
 a - a +2,+0 falchion (weapon)
Missiles
 h - 18 silver darts (quivered)
Armour
 b - a cursed +0 scale mail (worn)
 c - a +0 shield (worn)
Comestibles
 d - 3 bread rations
 f - 2 meat rations
 j - a rotting chunk of bat flesh
 p - an apple
Scrolls
 g - a scroll of curse jewellery {unknown}
 i - a scroll of identify {unknown}
 k - 2 scrolls of teleportation
 l - a scroll of fog
 n - a scroll of remove curse {unknown}
Potions
 e - a potion of heal wounds
 o - 2 potions of curing


   Skills:
 + Level 4.4 Fighting
 + Level 4.3 Long Blades
 + Level 5.7 Armour
 + Level 2.2 Dodging
 + Level 0.5 Stealth
 + Level 5.3 Shields


You had 5 spell levels left.
You didn't know any spells.

Dungeon Overview and Level Annotations

Branches:
Dungeon (4/16)             Temple (1/1) D:4

Altars:
Ashenzari
Cheibriados
Dithmenos
Elyvilon
Fedhas
Kikubaaqudgha
Makhleb
Nemelex Xobeh
Okawaru
Sif Muna
Trog
Vehumet
Xom
Yredelemnul
Zin
The Shining One


Innate Abilities, Weirdness & Mutations

You reflexively headbutt those who attack you in melee.
You have a pair of horns on your head.


Message History

Found a stone staircase leading up.
You smell something rotten. (slot j)
A worker ant comes into view.
The worker ant twitches its antennae in your direction.
The ogre hits you with a giant club!
Drink which item? (? for menu, Esc to quit)
You feel much better.
You hit the ogre. You headbutt the ogre!
The ogre is moderately wounded.
The ogre hits you with a giant club!
You closely miss the ogre. Your headbutt misses the ogre.
The ogre is moderately wounded.
You block the ogre's attack. The ogre hits you with a giant club!
* * * LOW HITPOINT WARNING * * *
There is a stone staircase leading up here.
The worker ant bites you.
* * * LOW HITPOINT WARNING * * *
The ogre hits you with a giant club!
You die...

####### ############......
#@a...............
###########O#g#.######.####.
##................#####.####.
#..........#.#.#.............
#..#######.#......#####.##...
#..# ####.###......# #.##.##
#..####.............# #.##.#
#..##......###......# #.##g#
#..##......# #......###.#..#


You could see an ogre, a worker ant and a hobgoblin.

Vanquished Creatures
  An ogre (D:4)
  2 orc wizards (D:4)
  An orc priest (D:4)
  A centaur skeleton (D:4)
  2 worker ants (D:4)
  4 adders
  3 giant geckos
  2 oozes
  9 orcs
  A ball python (D:3)
  6 giant cockroaches
  7 goblins
  13 hobgoblins
  6 jackals
  6 kobolds
  10 bats
  2 giant newts (D:2)
  An orc skeleton (D:4)
  3 quokkas
  11 rats
91 creatures vanquished.

Notes
Turn   | Place    | Note
--------------------------------------------------------------
     0 | D:1      | SomethingShithole, the Minotaur Fighter, began the quest for the Orb.
     0 | D:1      | Reached XP level 1. HP: 19/19 MP: 1/1
   198 | D:1      | Reached XP level 2. HP: 12/27 MP: 1/1
   450 | D:1      | Reached skill level 4 in Armour
  1112 | D:2      | Reached XP level 3. HP: 30/33 MP: 2/2
  1299 | D:2      | Found a sparkling altar of Nemelex Xobeh.
  2020 | D:3      | Reached XP level 4. HP: 40/40 MP: 2/2
  3031 | D:4      | Found a staircase to the Ecumenical Temple.
  3036 | Temple   | Entered the Ecumenical Temple
  3114 | Temple   | Became a worshipper of Makhleb the Destroyer
  3223 | D:4      | Reached skill level 5 in Armour
  3408 | D:4      | Reached skill level 1 in Dodging
  3408 | D:4      | Reached XP level 5. HP: 20/46 MP: 2/2
  4276 | D:4      | Reached skill level 5 in Shields
  4310 | D:4      | Reached XP level 6. HP: 32/52 MP: 3/3
  4444 | D:4      | Acquired Makhleb's first power
  4513 | D:4      | Found an ancient bone altar of Kikubaaqudgha.
  4513 | D:4      | Found an iron altar of Okawaru.
  4514 | D:4      | Found a glowing silver altar of Zin.
  4516 | D:4      | Noticed an ogre
  4526 | D:4      | Killed an ogre
  4725 | D:4      | Noticed an ogre
  4852 | D:4      | HP: 1/53 [worker ant (6)]
  4852 | D:4      | Demolished by an ogre

Action                   |  1- 3 |  4- 6 || total
-------------------------+-------+-------++-------
Melee: Falchion          |   149 |   120 ||   269
  Use: Scroll            |    10 |     5 ||    15
       Potion            |     4 |     1 ||     5
